 Dungeon Crawl Stone Soup version 0.21.1-1-g345015f (webtiles) character file.

79 Fang the Ducker (level 4, -3/33 HPs)
             Began as a Vampire Gladiator on June 13, 2018.
             Slain by an orc
             ... wielding a +0 hand axe
              (4 damage)
             ... on level 3 of the Dungeon.
             The game lasted 00:01:41 (2094 turns).

Fang the Ducker (Vampire Gladiator)                 Turns: 2094, Time: 00:01:42

Health: -3/33      AC:  6    Str: 14    XL:     4   Next: 16%
Magic:  4/4        EV: 13    Int: 10    God:
Gold:   132        SH:  0    Dex: 15    Spells: 3/3 levels left

rFire    . . .     SeeInvis +   a - +0 war axe
rCold    + . .     Gourm    .   (no shield)
rNeg     + + .     Faith    .   b - +0 leather armour
rPois    +         Spirit   .   c - +0 helmet
rElec    .         Reflect  .   (no cloak)
rCorr    .         Harm     .   (no gloves)
MR       .....                  k - +1 pair of boots
Stlth    ++........             (no amulet)
HPRegen  0.05/turn              (no ring)
MPRegen  0.09/turn              (no ring)

@: confused, regenerating slowly
A: fangs 3, see invisible, unbreathing
a: Bat Form


You were on level 3 of the Dungeon.
You were thirsty.

You visited 1 branch of the dungeon, and saw 3 of its levels.

You collected 132 gold pieces.

Inventory:

Hand Weapons
 a - a +0 war axe (weapon)
Missiles
 d - 3 throwing nets (quivered)
Armour
 b - a +0 leather armour (worn)
 c - a +0 helmet (worn)
 k - a +1 pair of boots (worn)
Scrolls
 g - 2 scrolls of enchant armour {unknown}
 h - 2 scrolls of identify {unknown}
 i - a scroll of immolation {unknown}
 m - a scroll of blinking {unknown}
 n - a scroll of remove curse {unknown}
Potions
 e - 3 potions of blood
 f - a potion of agility {unknown}
 j - a potion of heal wounds {unknown}
 l - 5 potions of curing {unknown}


   Skills:
 + Level 2.1 Fighting
 + Level 3.8 Axes
 + Level 1.6 Throwing
 + Level 0.5 Armour
 + Level 3.8 Dodging
 + Level 1.0 Stealth


You had 3 spell levels left.
You didn't know any spells.

Dungeon Overview and Level Annotations

Branches:
Dungeon (3/15)

Altars:
Ashenzari
Nemelex Xobeh


Innate Abilities, Weirdness & Mutations

You heal slowly.
You have razor-sharp teeth.
You have supernaturally acute eyesight. (SInv)
You can survive without breathing.


Message History

The puff of flame hits you!
* * * LOW HITPOINT WARNING * * *
The jackal closely misses you. The orc closely misses you.
Unknown command.
You bump into the rock wall.
The jackal bites you but does no damage.
Unknown command.
You barely miss the orc. You closely miss the orc. You hit the orc wizard.
You completely miss the jackal.
The jackal bites you but does no damage.
The orc hits you but does no damage. The orc wizard closely misses you.
The jackal closely misses you. The orc hits you but does no damage. x2
Unknown command.
You slash the jackal!
You kill the jackal!
Your Stealth skill increases to level 1!
You closely miss the orc. You barely miss the orc. You miss the orc wizard.
The orc wizard points at you and mumbles some strange words.
You resist with some effort. The orc hits you with a hand axe.
You die...

#. #### #.
...#
###)###$..#
.._..#...####
# #.#....(...#
#.#.))o.......
#...)o@......#
####.##o..####
#.# ...# #.#
...# #.# ####
#.# #.###
#...# #.#.#


You could see an orc wizard and 2 orcs.

Vanquished Creatures
  An adder (D:2)
  A worm (D:2)
  A leopard gecko (D:2)
  7 orcs (D:3)
  6 bats
  3 giant cockroaches
  4 goblins
  7 hobgoblins
  8 jackals
  A kobold (D:1)
  A quokka (D:2)
  A ball python (D:2)
  3 frilled lizards
  9 rats
53 creatures vanquished.

Notes
Turn   | Place    | Note
-------+----------+-------------------------------------------
     0 | D:1      | Fang the Vampire Gladiator began the quest for the Orb.
     0 | D:1      | Reached XP level 1. HP: 16/16 MP: 1/1
   124 | D:1      | Reached XP level 2. HP: 12/22 MP: 2/2
  1276 | D:2      | Reached XP level 3. HP: 25/27 MP: 3/3
  1350 | D:2      | Found a sparkling altar of Nemelex Xobeh.
  2064 | D:3      | Found a shattered altar of Ashenzari.
  2076 | D:3      | Reached XP level 4. HP: 24/33 MP: 4/4
  2091 | D:3      | HP: 1/33 [orc wizard/puff of flame (7)]
  2094 | D:3      | Reached skill level 1 in Stealth
  2094 | D:3      | Slain by an orc

Skill      XL: |  1  2  3  4 |
---------------+-------------+-----
Axes           | 3 |  3.8
Fighting       | 2 |  2.1
Stealth        | 1 |  1.0
Throwing       | |  1.6
Armour         | |  0.5
Dodging        | |  3.8

Action                   |  1- 3 |  4- 6 || total
-------------------------+-------+-------++-------
Melee: War axe           |   110 |    13 ||   123
       Bite              |     7 |     1 ||     8
  Use: Potion            |     2 |       ||     2
 Stab: Sleeping          |     4 |       ||     4
Armor: Leather armour    |    47 |    18 ||    65
Dodge: Dodged            |    97 |    33 ||   130
